Map: [ESL] Alcyone

Players

Lambo

  • Race: Zerg Zerg
  • Spawn Location: 1:00

Harstem - Winner!

  • Race: Protoss Protoss
  • Spawn Location: 7:00

Event: ESL SC2 Masters 2024 Spring (Regional)

VOD

Have the link to the VOD?

Description

Time

  • Played on: April 12, 2024, 12:59 p.m.
  • Length: 23:53

All games in this series

Show
View Real Time Build Order
Export as new Build Order

Lambo Zerg 

Build Orders: Hatch First, Lurkers 

Get SALT Encoding   

  12  0:00  Drone  
  13  0:12  Overlord  
  13  0:17  Drone  
  14  0:31  Drone x2  
  14  0:35  Drone  
  17  0:52  Hatchery  
  17  0:55  Drone  
  17  0:58  Drone  
  18  1:09  Extractor  
  17  1:13  Spawning Pool  
  17  1:16  Drone  
  17  1:18  Drone  
  18  1:28  Drone  
  19  1:42  Drone  
  20  1:53  Overlord  
  20  1:59  Queen  
  22  2:03  Queen  
  22  2:04  Zergling x2  
  22  2:07  Zergling x2  
  26  2:12  Metabolic Boost  
  26  2:16  Zergling x2  
  26  2:18  Zergling x2  
  28  2:23  Drone  
  29  2:31  Drone  
  30  2:39  Queen  
  31  2:46  Hatchery  
  31  2:47  Zergling x2  
  31  2:54  Overlord  
  31  2:55  Zergling x2  
  32  3:01  Drone  
  33  3:07  Drone  
  33  3:09  Drone  
  33  3:10  Queen  
  36  3:15  Drone x3  
  36  3:16  Drone  
  41  3:20  Zergling x2  
  41  3:21  Drone  
  41  3:24  Drone  
  43  3:28  Overlord  
  43  3:37  Drone  
  44  3:45  Drone  
  44  3:46  Drone x5, Queen  
  44  3:47  Drone  
  44  3:48  Drone  
  51  3:54  Spore Crawler  
  51  3:55  Queen  
  50  3:59  Zergling x4  
  50  4:00  Drone x2  
  55  4:05  Overlord  
  55  4:11  Spore Crawler, Drone x2  
  55  4:17  Zergling x2  
  55  4:21  Drone x2  
  55  4:24  Drone x5  
  62  4:25  Drone  
  62  4:29  Extractor  
  62  4:31  Overlord  
  62  4:32  Drone  
  62  4:34  Evolution Chamber  
  62  4:35  Overlord  
  62  4:42  Overlord x2, Spore Crawler  
  61  4:47  Overlord  
  61  4:48  Overlord  
  61  4:49  Drone x2  
  61  4:52  Overlord  
  63  4:54  Drone x2  
  65  5:01  Drone x3  
  65  5:03  Zergling x2  
  66  5:07  Zergling x2  
  66  5:08  Zergling x6  
  66  5:10  Zerg Melee Weapons Level 1  
  66  5:12  Roach Warren  
  67  5:14  Zergling x2  
  67  5:19  Zergling x2  
  67  5:20  Zergling x2  
  67  5:21  Drone x2  
  71  5:22  Drone  
  71  5:25  Overlord  
  71  5:26  Hatchery  
  72  5:28  Drone x4  
  72  5:31  Drone  
  76  5:40  Zergling x6  
  78  5:43  Zergling x2, Lair  
  78  5:45  Overlord  
  78  5:46  Zergling x8  
  78  5:49  Zergling x6  
  86  5:52  Zergling x2  
  86  5:54  Zergling x4  
  89  6:01  Zergling x2  
  90  6:04  Roach  
  90  6:05  Roach  
  90  6:09  Baneling Nest  
  93  6:14  Drone  
  93  6:15  Hatchery  
  93  6:17  Extractor, Drone x3  
  95  6:19  Zergling x10  
  98  6:29  Zergling x8  
  98  6:31  Zergling x4  
  99  6:38  Zergling x4  
  101  6:40  Glial Reconstitution  
  101  6:43  Overlord  
  101  6:44  Roach x3  
  101  6:47  Roach x3  
  113  6:48  Drone  
  113  6:52  Extractor  
  113  6:56  Evolution Chamber  
  113  6:57  Evolution Chamber  
  113  6:58  Spore Crawler, Drone x3  
  115  7:07  Drone x6, Centrifugal Hooks  
  121  7:11  Drone x4  
  121  7:13  Spore Crawler  
  121  7:14  Drone x2  
  126  7:16  Drone  
  126  7:17  Zerg Melee Weapons Level 2, Drone  
  126  7:20  Roach x2  
  132  7:23  Roach x2  
  132  7:27  Roach x2  
  139  7:30  Extractor  
  139  7:31  Roach x4  
  139  7:35  Zergling x4  
  147  7:42  Zergling x6  
  147  7:44  Queen  
  145  7:45  Zergling x2  
  145  7:46  Overlord x2  
  145  7:50  Overlord  
  145  7:51  Overlord  
  150  7:54  Overlord  
  150  7:55  Zergling x4  
  150  7:56  Overlord  
  150  8:02  Overlord  
  150  8:03  Baneling x3  
  150  8:06  Zergling x20  
  150  8:12  Zergling x8  
  160  8:17  Roach x6  
  169  8:21  Baneling x11  
  169  8:24  Baneling x4  
  169  8:26  Drone x5  
  173  8:32  Zergling x14  
  178  8:34  Infestation Pit  
  178  8:38  Drone x2  
  172  8:45  Extractor  
  172  8:46  Zergling x18  
  172  8:48  Baneling x9  
  180  8:51  Zergling x2  
  181  8:56  Hatchery  
  181  8:58  Drone x2  
  181  8:59  Zergling x16  
  190  9:03  Extractor  
  190  9:04  Hydralisk Den  
  190  9:06  Zergling x4  
  180  9:18  Zergling x28  
  180  9:23  Zergling x2  
  177  9:26  Roach x7  
  177  9:30  Roach x3, Hive  
  179  9:35  Roach  
  167  9:38  Zergling x2  
  167  9:39  Zergling x12  
  167  9:43  Zergling x2  
  167  9:44  Zergling x4  
  175  9:46  Zergling x2  
  175  9:47  Zergling x2  
  175  9:51  Zergling x4  
  178  9:52  Ravager  
  178  9:53  Zergling x8  
  182  10:00  Spine Crawler  
  182  10:02  Zergling x4, Spine Crawler  
  182  10:03  Ravager  
  183  10:07  Drone x4  
  183  10:08  Lurker Den  
  183  10:09  Extractor, Drone x4  
  183  10:14  Zergling x4  
  191  10:18  Zergling x8  
  195  10:23  Baneling x17  
  195  10:28  Zergling x10  
  200  10:35  Overlord  
  197  10:37  Zergling x20  
  183  10:43  Zergling x12  
  183  10:48  Zergling x4  
  182  10:56  Zergling x12  
  185  11:02  Drone x3  
  185  11:03  Drone x3  
  191  11:06  Extractor  
  191  11:07  Seismic Spines  
  190  11:14  Evolution Chamber  
  190  11:15  Hydralisk x5  
  190  11:17  Zerg Missile Weapons Level 1  
  199  11:20  Overlord  
  199  11:22  Baneling x12  
  199  11:27  Overlord  
  183  11:48  Hydralisk x3  
  183  11:49  Hydralisk x6  
  183  11:54  Zerg Ground Armor Level 1, Grooved Spines  
  199  11:59  Spine Crawler x2  
  199  12:01  Spine Crawler, Lurker x3  
  197  12:03  Spine Crawler  
  197  12:05  Spine Crawler x2  
  197  12:08  Lurker x2  
  198  12:16  Hydralisk x3, Lurker  
  198  12:17  Overseer  
  198  12:18  Lurker, Pneumatized Carapace  
  196  12:24  Spire  
  195  12:34  Lurker x4  
  194  12:44  Adrenal Glands  
  194  12:46  Muscular Augments  
  194  12:48  Lurker x3  
  194  12:51  Drone x2  
  199  12:54  Extractor  
  199  12:55  Extractor  
  199  12:56  Spine Crawler  
  194  13:05  Hydralisk x3  
  190  13:06  Lurker  
  190  13:07  Lurker, Hatchery  
  190  13:09  Drone x3  
  191  13:21  Adaptive Talons  
  191  13:23  Spire  
  186  13:29  Spore Crawler  
  185  13:38  Zerg Flyer Armor Level 1  
  181  13:46  Zergling x62  
  181  13:48  Zerg Missile Weapons Level 2  
  199  13:49  Zerg Ground Armor Level 2  
  199  13:52  Overseer  
  193  14:02  Corruptor x3  
  198  14:08  Corruptor  
  198  14:09  Corruptor  
  199  14:16  Spine Crawler  
  199  14:17  Spine Crawler  
  196  14:25  Corruptor  
  196  14:26  Corruptor  
  200  14:37  Zerg Flyer Weapons Level 1  
  198  14:39  Overlord  
  196  14:50  Hydralisk x9  
  196  14:55  Drone  
  196  14:56  Drone x6  
  200  15:03  Evolution Chamber  
  200  15:06  Corruptor  
  199  15:10  Spore Crawler  
  199  15:12  Lurker x2  
  199  15:24  Hydralisk x4  
  199  15:25  Corruptor  
  199  15:26  Corruptor x3  
  191  15:31  Hydralisk x2  
  191  15:32  Lurker x2  
  187  15:35  Corruptor x2  
  187  15:36  Infestor  
  187  15:38  Overseer  
  187  15:39  Drone x7  
  185  15:51  Overseer  
  185  15:54  Zergling x26, Hatchery  
  185  15:57  Unknown  
  196  15:58  Lurker x3  
  199  16:08  Unknown  
  199  16:10  Spore Crawler  
  198  16:15  Lurker x2  
  200  16:24  Spore Crawler  
  200  16:25  Spore Crawler x2  
  197  16:26  Zerg Flyer Armor Level 2  
  197  16:27  Zerg Ground Armor Level 3  
  197  16:28  Zerg Melee Weapons Level 3  
  187  16:43  Hydralisk x4  
  187  16:45  Lurker  
  185  16:50  Overseer  
  185  16:52  Drone x3  
  188  17:07  Neural Parasite  
  188  17:09  Greater Spire  
  188  17:12  Hydralisk x2  
  188  17:13  Hydralisk  
  194  17:21  Lurker  
  194  17:22  Lurker x3  
  198  17:28  Hydralisk x6  
  197  17:37  Corruptor x2  
  173  17:42  Lurker x3  
  174  17:47  Corruptor x2  
  178  17:52  Zergling x28  
  178  17:55  Drone x2  
  178  17:57  Lurker x2  
  178  17:58  Lurker  
  190  18:06  Corruptor x2  
  190  18:11  Lurker x3  
  195  18:26  Drone x3  
  196  18:28  Overseer x2  
  192  18:34  Drone x3  
  192  18:37  Spine Crawler x2  
  192  18:38  Zergling x2, Spine Crawler  
  192  18:39  Zergling x20  
  193  19:02  Corruptor x3  
  186  19:09  Hydralisk x10  
  175  19:24  Hydralisk x8  
  174  19:37  Lurker x10  
  183  19:38  Hydralisk  
  185  19:47  Hydralisk x4  
  193  19:52  Lurker  
  193  19:53  Lurker x5  
  177  20:21  Lurker x6  
  177  20:27  Overlord x2  
  182  20:38  Hydralisk  
  168  20:44  Corruptor x3  
  168  20:47  Lurker  
  168  20:48  Drone x3  
  168  20:49  Drone  
  177  20:53  Zergling x30  
  191  21:00  Overlord x3  
  188  21:04  Overseer  
  188  21:06  Overseer  
  188  21:08  Unknown  
  188  21:11  Overlord  
  175  21:15  Overseer, Zerg Flyer Weapons Level 2  
  173  21:18  Hydralisk x2  
  173  21:19  Hydralisk x2  
  173  21:22  Hydralisk x7  
  195  21:25  Hydralisk  
  195  21:26  Hydralisk  
  195  21:27  Lurker  
  196  21:35  Corruptor x3  
  188  21:50  Hydralisk x5  
  195  21:55  Lurker x4  
  187  22:09  Lurker x3  
  187  22:10  Corruptor x4  
  187  22:15  Corruptor  
  188  22:28  Hatchery  
  180  22:30  Zergling x2  
  180  22:31  Zergling x24  
  189  22:37  Corruptor  
  167  22:45  Hydralisk x4  
  140  22:53  Corruptor x2  
  139  23:00  Hydralisk x2  
  143  23:11  Hydralisk x4  
  141  23:22  Hydralisk  
  141  23:23  Hydralisk x2, Drone  
  132  23:27  Hydralisk x6  
  125  23:34  Drone x2  
  125  23:41  Unknown  
  118  23:50  Lurker x5  
  118  23:51  Lurker  
Show
View Real Time Build Order
Export as new Build Order

Harstem Protoss - Winner!

Build Orders: 1 Gate Expand, Oracle Opening 

Get SALT Encoding   

  12  0:00  Probe  
  13  0:12  Probe  
  14  0:17  Pylon  
  14  0:24  Probe (Chrono Boost)  
  15  0:36  Probe (Chrono Boost)  
  15  0:38  Gateway  
  16  0:45  Probe (Chrono Boost)  
  16  0:47  Assimilator  
  17  0:51  Probe  
  18  1:03  Probe  
  19  1:19  Nexus  
  19  1:28  Cybernetics Core  
  19  1:31  Probe  
  20  1:36  Assimilator  
  20  1:43  Probe  
  20  1:46  Pylon  
  21  1:55  Probe  
  22  2:01  Adept (Chrono Boost)  
  22  2:07  Probe  
  25  2:15  Stargate  
  25  2:19  Probe  
  25  2:21  Adept (Chrono Boost)  
  28  2:31  Probe  
  28  2:32  Warp Gate  
  28  2:33  Probe  
  30  2:44  Probe  
  31  2:45  Probe  
  31  2:46  Adept  
  34  2:56  Probe  
  34  2:57  Pylon, Probe  
  36  2:59  Oracle (Chrono Boost)  
  39  3:08  Probe  
  39  3:09  Probe  
  41  3:16  Gateway  
  41  3:20  Probe  
  41  3:21  Probe  
  43  3:27  Oracle (Chrono Boost)  
  43  3:32  Probe  
  43  3:33  Probe  
  48  3:42  Pylon  
  48  3:44  Probe  
  48  3:45  Probe  
  49  3:56  Probe  
  49  3:57  Probe  
  50  4:03  Twilight Council  
  50  4:08  Probe, Nexus  
  51  4:13  Probe  
  51  4:17  Gateway  
  51  4:20  Probe, Gateway  
  52  4:25  Probe  
  52  4:27  Assimilator  
  52  4:29  Stalker  
  52  4:31  Stalker  
  57  4:33  Blink (Chrono Boost)  
  57  4:34  Probe  
  57  4:36  Pylon  
  57  4:37  Probe  
  59  4:46  Probe  
  59  4:47  Assimilator  
  59  4:49  Probe  
  61  4:56  Stalker x2  
  61  4:58  Probe  
  66  5:03  Probe  
  67  5:08  Pylon  
  67  5:10  Probe  
  66  5:15  Probe  
  66  5:20  Stalker x3  
  66  5:21  Stalker  
  73  5:23  Probe x2  
  73  5:27  Probe  
  76  5:30  Shield Battery  
  76  5:35  Probe  
  77  5:40  Probe  
  77  5:43  Stalker x3  
  77  5:45  Stalker  
  77  5:47  Probe  
  85  5:51  Pylon  
  85  5:52  Probe  
  85  5:53  Probe  
  87  5:59  Probe  
  87  6:04  Probe, Forge  
  88  6:05  Probe  
  88  6:11  Probe  
  91  6:15  Zealot x3, Sentry  
  91  6:16  Probe  
  91  6:17  Pylon  
  100  6:18  Assimilator  
  100  6:19  Probe  
  100  6:23  Assimilator  
  101  6:30  Probe x2  
  101  6:33  Gateway  
  101  6:35  Probe  
  101  6:36  Gateway  
  101  6:37  Protoss Ground Weapons Level 1 (Chrono Boost)  
  101  6:39  Charge (Chrono Boost)  
  102  6:41  Templar Archives  
  102  6:43  Robotics Facility  
  102  6:46  Stalker  
  105  6:49  Shield Battery  
  105  6:53  Pylon  
  105  6:54  Photon Cannon  
  105  7:00  Zealot x2  
  108  7:08  Probe  
  108  7:09  Shield Battery  
  108  7:11  Probe  
  108  7:13  Gateway  
  108  7:15  Psionic Storm, Gateway  
  110  7:16  Zealot x2  
  110  7:21  Probe  
  115  7:29  Nexus  
  115  7:30  High Templar  
  115  7:32  Pylon x2  
  117  7:41  Probe  
  117  7:42  Pylon x2  
  117  7:44  Pylon  
  114  7:45  High Templar  
  114  7:46  Zealot x2  
  114  7:48  Probe  
  114  7:50  Immortal (Chrono Boost)  
  117  7:57  High Templar x2  
  125  8:02  Probe  
  125  8:03  Zealot  
  128  8:12  Zealot x4  
  131  8:17  Probe x2  
  129  8:20  Immortal (Chrono Boost)  
  129  8:21  Probe  
  129  8:24  Stalker x2  
  136  8:33  Protoss Ground Weapons Level 2 (Chrono Boost)  
  133  8:36  High Templar x3  
  139  8:41  Nexus  
  139  8:43  Pylon, Probe  
  140  8:48  Warp Prism (Chrono Boost)  
  140  8:50  Pylon  
  140  8:52  Assimilator  
  142  8:57  Assimilator, Photon Cannon  
  142  9:00  Archon  
  142  9:06  Zealot x5  
  147  9:20  Zealot x3, Archon  
  146  9:24  Archon  
  146  9:28  Zealot x5  
  144  9:35  Probe (Chrono Boost)  
  144  9:37  Immortal  
  127  9:40  Probe (Chrono Boost)  
  129  9:47  High Templar x3  
  129  9:51  Pylon  
  129  9:52  High Templar x2  
  136  9:56  High Templar x2, Nexus  
  136  9:58  Zealot  
  128  10:04  Probe x2  
  128  10:06  Archon  
  130  10:14  Immortal (Chrono Boost)  
  130  10:18  Zealot  
  130  10:19  Zealot x3  
  140  10:26  High Templar x2  
  140  10:37  Sentry, Stalker  
  140  10:38  Stalker  
  138  10:43  Stalker x3  
  138  10:49  Probe  
  145  10:52  Immortal (Chrono Boost)  
  145  10:53  Protoss Ground Weapons Level 3 (Chrono Boost)  
  145  10:55  Probe  
  148  10:58  Pylon  
  148  10:59  Shield Battery  
  148  11:02  Assimilator  
  141  11:04  Sentry, Probe  
  141  11:08  High Templar  
  143  11:12  Probe x3  
  143  11:16  Probe  
  147  11:22  Photon Cannon  
  147  11:25  Pylon  
  147  11:26  Probe  
  147  11:28  Zealot x2  
  147  11:29  High Templar x2  
  154  11:34  Archon  
  154  11:36  Zealot x2  
  158  11:46  Stalker  
  158  11:51  Zealot x2  
  158  11:52  Warp Prism (Chrono Boost)  
  164  11:58  Fleet Beacon  
  164  12:02  Stargate  
  164  12:04  High Templar, Protoss Air Weapons Level 1 (Chrono Boost)  
  164  12:06  High Templar  
  168  12:14  Photon Cannon  
  168  12:15  Observer (Chrono Boost)  
  168  12:16  Shield Battery  
  168  12:21  Zealot x3  
  171  12:26  Zealot  
  173  12:33  Probe  
  173  12:35  Pylon  
  174  12:40  Zealot x3  
  180  12:47  Pylon, Tempest (Chrono Boost), Observer  
  185  12:55  Observer  
  190  13:00  Tempest (Chrono Boost)  
  196  13:06  Pylon  
  196  13:11  Mothership (Chrono Boost)  
  194  13:21  Immortal  
  198  13:29  Photon Cannon  
  198  13:30  Protoss Shields Level 1 (Chrono Boost)  
  198  13:34  Photon Cannon  
  198  13:36  Photon Cannon x2  
  198  13:38  Photon Cannon x2  
  198  13:39  Photon Cannon  
  184  13:48  Tempest x2  
  194  14:06  Photon Cannon  
  194  14:08  Photon Cannon  
  194  14:10  Photon Cannon  
  194  14:12  Zealot x2, Photon Cannon  
  194  14:13  Zealot x2  
  194  14:14  Shield Battery  
  196  14:29  Immortal (Chrono Boost)  
  198  14:52  Zealot x3  
  200  14:59  Photon Cannon  
  200  15:02  Pylon  
  200  15:06  Nexus  
  200  15:08  Pylon  
  200  15:20  Protoss Ground Armor Level 1 (Chrono Boost)  
  168  15:31  High Templar x5, Immortal (Chrono Boost)  
  168  15:32  Tempest x2, High Templar  
  184  15:38  Archon x2  
  184  15:41  Zealot  
  178  15:44  Probe  
  178  15:47  Pylon  
  179  15:51  Photon Cannon  
  179  15:53  Photon Cannon  
  179  15:55  Photon Cannon, Probe  
  179  15:56  Probe  
  179  15:57  Photon Cannon, Protoss Air Weapons Level 2 (Chrono Boost)  
  181  15:58  Photon Cannon  
  181  16:00  Shield Battery  
  181  16:05  Archon, Immortal (Chrono Boost)  
  181  16:07  High Templar  
  185  16:12  High Templar x4, Gateway  
  185  16:15  Tempest, Robotics Facility  
  196  16:21  Archon  
  196  16:22  Archon  
  196  16:27  Pylon  
  196  16:33  Pylon  
  196  16:40  Zealot x2  
  199  16:48  Pylon  
  199  16:50  Shield Battery  
  199  16:51  Nexus  
  199  16:55  Pylon  
  199  16:59  Assimilator  
  199  17:01  Observer  
  200  17:22  Zealot  
  199  17:26  Photon Cannon  
  199  17:27  Photon Cannon  
  199  17:29  Zealot x3, Photon Cannon  
  199  17:30  Photon Cannon  
  193  17:40  Oracle (Chrono Boost)  
  193  17:42  Photon Cannon  
  195  17:44  Zealot x2  
  195  17:46  Observer (Chrono Boost)  
  195  17:50  Unknown  
  195  18:12  Zealot x4  
  196  18:23  Zealot x2  
  187  18:56  Zealot x6  
  189  19:18  Probe  
  190  19:28  Zealot x3  
  192  19:37  Photon Cannon  
  192  19:38  Photon Cannon  
  192  19:40  Photon Cannon  
  192  19:43  Pylon  
  192  19:48  Photon Cannon  
  192  19:49  Photon Cannon  
  192  19:50  Photon Cannon  
  192  19:51  Cybernetics Core  
  192  19:52  Photon Cannon  
  192  19:55  Probe x2  
  194  20:00  Photon Cannon  
  194  20:06  High Templar x2  
  177  20:23  Zealot x4  
  183  20:34  Assimilator x2, Probe  
  182  20:37  Pylon  
  182  20:38  Shield Battery  
  182  20:42  Oracle (Chrono Boost)  
  167  20:52  Oracle (Chrono Boost)  
  167  20:55  Dark Shrine  
  160  21:07  Zealot x2  
  160  21:08  Zealot x4  
  160  21:09  Immortal (Chrono Boost)  
  172  21:11  Tempest  
  183  21:19  Pylon, Immortal (Chrono Boost), Nexus  
  183  21:25  Tempest  
  188  21:40  Zealot x6  
  194  21:47  Observer  
  190  21:54  Tempest  
  195  22:03  Zealot x2  
  195  22:04  Zealot  
  195  22:08  Tempest  
  186  22:26  Zealot x5  
  186  22:27  Zealot  
  192  22:37  Tempest  
  171  22:48  Zealot x6, Observer  
  181  22:51  Oracle  
  184  23:01  Immortal (Chrono Boost)  
  184  23:02  Observer (Chrono Boost)  
  181  23:07  Probe  
  171  23:17  Probe  
  172  23:22  Zealot x5  
  179  23:35  Photon Cannon  
  179  23:36  Photon Cannon x2  
  179  23:38  Photon Cannon  
  165  23:44  High Templar x2, Photon Cannon  
  165  23:46  Dark Templar  
  163  23:49  Photon Cannon  
  163  23:50  Photon Cannon  
Tags
 
Add a new tag
Caveats
  • Supply blocks, unpowered buildings, or Contaminate may cause inaccurate times.
  • Supply counts are checked every 10 seconds.